Map: Whirlwind LE

Players

Rugi - Winner!

  • Race: Terran Terran
  • League: Master
  • Spawn Location: 7:00

Loken

  • Race: Protoss Protoss
  • League: Platinum
  • Spawn Location: 11:00

VOD

Have the link to the VOD?

Description

Time

  • Played on: March 13, 2017, 5:42 p.m.
  • Length: 8:01
Show
View Real Time Build Order
Export as new Build Order

Rugi Terran - Winner!

Build Orders: Reaper Expand, MMM Bio 

Get SALT Encoding   

  12  0:00  SCV  
  13  0:13  SCV  
  14  0:17  Supply Depot  
  14  0:25  SCV  
  15  0:39  SCV  
  15  0:40  Barracks  
  16  0:45  Refinery  
  16  0:51  SCV  
  17  1:03  SCV  
  18  1:15  SCV  
  19  1:28  Orbital Command  
  19  1:29  Reaper  
  20  1:43  Command Center  
  20  1:49  Barracks  
  20  1:54  SCV  
  21  2:02  Supply Depot  
  21  2:06  Barracks Reactor  
  21  2:10  SCV  
  22  2:23  SCV  
  22  2:26  Bunker  
  23  2:32  Factory  
  23  2:44  Marine  
  23  2:45  Marine  
  23  2:47  Barracks Tech Lab  
  23  2:49  SCV  
  26  3:01  Orbital Command, SCV  
  27  3:08  Barracks  
  27  3:13  SCV  
  27  3:15  Marine x3  
  30  3:23  Starport  
  30  3:25  SCV  
  31  3:27  SCV  
  31  3:29  Factory Reactor  
  31  3:32  Refinery  
  32  3:34  Refinery  
  32  3:37  SCV  
  32  3:39  SCV  
  34  3:42  Marine  
  34  3:43  Marine x2  
  37  3:49  SCV  
  37  3:51  SCV, Stimpack  
  39  3:58  Barracks Tech Lab  
  39  4:01  SCV  
  40  4:03  SCV  
  40  4:09  Marine  
  42  4:10  Marine  
  42  4:14  SCV  
  42  4:15  SCV  
  45  4:23  Supply Depot  
  45  4:26  SCV  
  46  4:39  Combat Shields  
  46  4:40  Supply Depot  
  46  4:42  Starport Reactor  
  46  4:44  Widow Mine  
  46  4:45  SCV x2  
  50  4:47  Marine x3  
  50  4:48  Marine  
  54  5:01  SCV x2, Engineering Bay  
  54  5:03  Supply Depot  
  56  5:09  Marine x2  
  56  5:10  Marauder x2  
  62  5:20  Supply Depot  
  62  5:25  SCV x2, Medivac x2  
  62  5:27  Command Center  
  67  5:37  SCV x2  
  67  5:38  Refinery  
  67  5:39  Factory Tech Lab  
  67  5:41  Marine x2  
  67  5:42  Marauder x2  
  75  5:45  Supply Depot  
  75  5:49  SCV x2  
  77  5:55  Barracks  
  77  5:59  Barracks  
  77  6:01  SCV  
  77  6:03  Missile Turret  
  78  6:05  Missile Turret  
  78  6:07  Marauder x2, Marine x2  
  85  6:18  SCV x2  
  85  6:21  Medivac x2  
  85  6:25  Marine  
  91  6:28  Supply Depot  
  91  6:30  SCV  
  96  6:33  Marauder x2  
  95  6:50  Marine x2  
  95  6:54  Marauder, Marine  
  98  7:07  SCV, Marine  
  98  7:08  Marine  
  98  7:09  Barracks Tech Lab x2  
  98  7:10  SCV  
  98  7:12  Marauder  
  98  7:14  Planetary Fortress, Starport  
  98  7:15  Marine  
  102  7:17  Armory  
  102  7:19  SCV  
  102  7:20  Engineering Bay  
  103  7:24  Siege Tank  
  103  7:26  Medivac  
  103  7:29  Medivac  
Show
View Real Time Build Order
Export as new Build Order

Loken Protoss 

Build Orders: Nexus First 

Get SALT Encoding   

  12  0:01  Probe (Chrono Boost)  
  13  0:12  Probe (Chrono Boost)  
  14  0:21  Pylon  
  14  0:22  Probe (Chrono Boost)  
  15  0:39  Probe (Chrono Boost)  
  16  0:50  Probe (Chrono Boost)  
  17  1:00  Probe (Chrono Boost)  
  17  1:03  Nexus  
  18  1:14  Probe (Chrono Boost)  
  19  1:20  Gateway  
  19  1:25  Assimilator, Probe (Chrono Boost)  
  20  1:36  Probe (Chrono Boost)  
  21  1:42  Pylon  
  21  1:55  Assimilator  
  21  1:56  Probe (Chrono Boost)  
  21  2:00  Pylon  
  22  2:06  Probe (Chrono Boost)  
  23  2:09  Cybernetics Core  
  23  2:15  Zealot  
  25  2:20  Probe (Chrono Boost)  
  25  2:22  Probe (Chrono Boost)  
  27  2:31  Probe (Chrono Boost)  
  27  2:33  Probe (Chrono Boost)  
  29  2:42  Stalker  
  29  2:53  Warp Gate  
  29  2:56  Probe (Chrono Boost)  
  29  3:08  Probe (Chrono Boost)  
  29  3:17  Probe (Chrono Boost)  
  31  3:21  Probe (Chrono Boost)  
  31  3:26  Stargate  
  31  3:27  Probe (Chrono Boost)  
  31  3:31  Gateway  
  31  3:32  Gateway  
  31  3:33  Probe (Chrono Boost)  
  33  3:34  Sentry  
  36  3:41  Probe (Chrono Boost)  
  36  3:45  Probe (Chrono Boost)  
  37  3:52  Probe (Chrono Boost)  
  39  3:56  Stalker  
  39  3:57  Probe (Chrono Boost)  
  41  4:04  Probe (Chrono Boost)  
  41  4:09  Probe (Chrono Boost)  
  43  4:15  Probe (Chrono Boost)  
  44  4:17  Assimilator  
  44  4:21  Assimilator  
  44  4:23  Mothership Core (Chrono Boost)  
  46  4:25  Oracle, Probe (Chrono Boost)  
  49  4:36  Probe (Chrono Boost)  
  50  4:43  Pylon  
  50  4:46  Pylon  
  50  4:47  Probe (Chrono Boost)  
  50  4:49  Pylon  
  51  4:57  Probe (Chrono Boost)  
  51  4:58  Probe (Chrono Boost)  
  53  5:05  Stalker x3  
  59  5:08  Probe (Chrono Boost)  
  59  5:10  Probe (Chrono Boost)  
  61  5:18  Probe (Chrono Boost)  
  63  5:22  Probe (Chrono Boost)  
  60  5:29  Probe (Chrono Boost)  
  60  5:33  Stalker x3  
  60  5:34  Probe (Chrono Boost)  
  68  5:39  Probe (Chrono Boost)  
  68  5:40  Fleet Beacon  
  69  5:46  Probe (Chrono Boost)  
  71  5:50  Twilight Council, Probe (Chrono Boost)  
  72  5:58  Probe (Chrono Boost)  
  72  5:59  Stalker x3  
  78  6:23  Nexus  
  78  6:27  Pylon  
  78  6:28  Pylon  
  78  6:32  Pylon  
  75  6:42  Probe (Chrono Boost)  
  70  6:52  Stalker x3, Probe (Chrono Boost)  
  75  7:03  Phoenix  
  75  7:18  Stalker x2  
  75  7:19  Stalker  
  81  7:24  Gateway  
  81  7:26  Gateway  
  81  7:28  Phoenix, Gateway  
  47  7:52  Stalker x2  
  47  7:53  Stalker  
Tags
 
Add a new tag
Caveats
  • Supply blocks, unpowered buildings, or Contaminate may cause inaccurate times.
  • Supply counts are checked every 10 seconds.